 Dungeon Crawl Stone Soup version 0.31.0 (webtiles) character file.

Game seed: 5294441920069046487

262 dorian the Ruffian (level 6, 0/40 HPs)
             Began as an Octopode Shapeshifter on Jan 19, 2024.
             Slain by a jackal (3 damage)
             ... on level 4 of the Dungeon.
             The game lasted 00:04:03 (2921 turns).

dorian the Ruffian (Octopode Shapeshifter)          Turns: 2921, Time: 00:04:03

Health: 0/40       AC: -7    Str: 16    XL:     6   Next: 18%
Magic:  6/6        EV: 13    Int: 12    God:
Gold:   128        SH:  0    Dex: 11    Spells: 5/5 levels left

rFire   . .          .
                       - Unarmed
rCold   . . .        (no shield)
rNeg    . . .        (helmet currently unavailable)
rPois   .            h - amulet of the acrobat
rElec   .            g - ring of wizardry
rCorr   .            (no ring)
SInv    .            (no ring)
Will    .....        (no ring)
Stlth   ++           (no ring)
HPRegen 0.26/turn    (no ring)
MPRegen 0.10/turn    (no ring)
                     (no ring)

%: acrobat, wizardry (x1)
@: mighty, beast-form, corroded
A: beast (slay +2), almost no armour, amphibious, 8 rings, camouflage 1,
gelatinous body 1, (nimble swimmer 1), tentacles
a: Begin Untransformation


You were on level 4 of the Dungeon.
You were a hulking beast.
You visited 1 branch of the dungeon, and saw 4 of its levels.

You collected 128 gold pieces.

Inventory:

Jewellery
 g - a ring of wizardry (left tentacle)
 h - an amulet of the acrobat (around mantle)
 r - the Hermit's Pendant {Faith Invo=14 Evo=0 MP+5}
   (You found it on level 3 of the Dungeon)

   [amulet of faith]

   Invo=14: It sets your Invocations skill to 14.
   Evo=0: It sets your Evocations skill to 0.
   Faith:     It allows you to gain divine favour quickly.
   MP+5:      It affects your magic capacity (+5).
Talismans
 b - a beast talisman
 c - a flux talisman
Wands
 j - a wand of roots (5)
Scrolls
 e - a scroll of identify {unknown}
 l - 2 scrolls of fear
 q - 2 scrolls of silence
Potions
 a - 2 potions of lignification
 d - 3 potions of might
 f - 2 potions of cancellation {unknown}
 i - a potion of degeneration {unknown}
 k - 2 potions of curing {unknown}
 m - a potion of haste {unknown}
 o - a potion of magic {unknown}


   Skills:
 + Level 2.3 Fighting
 + Level 3.0 Dodging
 * Level 4.6 Unarmed Combat
 * Level 4.4 Shapeshifting


You had 5 spell levels left.
You didn't know any spells.
Your spell library contained the following spells:

 Spells                   Type           Power      Damage    Failure   Level
 Scorch                   Fire           0%         2d5       21%         2
 Sublimation of Blood     Necr           0%         N/A       21%         2
 Flame Wave               Conj/Fire      0%         2d4       75%         4
 Petrify                  Alch/Erth      0%         N/A       75%         4
 Irradiate                Conj/Alch      0%         3d11      97%         5
 Summon Cactus Giant      Summ           0%         N/A       100%        6


Dungeon Overview and Level Annotations

Branches:
Dungeon (4/15) Zot: 21085
 Temple: D:4-7

Altars:

Shops:
D:4 [

Annotations:
D:3 1 runed translucent door, Farlane's ghost, amateur HOMo


Innate Abilities, Weirdness & Mutations

You are a hulking beast.
Your limbs bulge with bestial killing power. (Slay +2)
You cannot wear most types of armour.
You are amphibious.
You can wear up to eight rings at the same time.
Your skin changes colour to match your surroundings (Stealth+).
Your rubbery body absorbs attacks. (AC +1, EV +1)
((You are camouflaged when in or above water. (Stealth+)))
You have tentacles for arms and can constrict up to eight enemies at once.


Message History

You tentacle-slap the jelly. The acid corrodes you!
Your tentacles burn!
You tentacle-slap the jelly, but do no damage.
The jelly is almost dead.
The jelly hits you.
You are splashed with acid!
You are too injured to fight recklessly!
Unknown command.
You completely miss the jelly. You squeeze the jelly.
You kill the jelly!
Your Dodging skill increases to level 3!
Unknown command.
You closely miss the jackal. Your grab misses the jackal. The jackal bites you.
The jackal misses you.
You tentacle-slap the jackal. You grab the jackal.
The jackal is almost dead.
You constrict the jackal.
You kill the jackal!
The jackal bites you. x2
You barely miss the jackal. Your grab misses the jackal.
The jackal closely misses you. The jackal bites you.
* * * LOW HITPOINT WARNING * * *
The jackal closely misses you. The jackal bites you.
* * * LOW HITPOINT WARNING * * *
You tentacle-slap the jackal but do no damage.
Your grab misses the jackal. The jackal bites you.
* * * LOW HITPOINT WARNING * * *
The jackal closely misses you.
You miss the jackal. Your grab misses the jackal. The jackal barely misses you.
The jackal bites you.
* * * LOW HITPOINT WARNING * * *
You tentacle-slap the jackal but do no damage.
Your grab misses the jackal.
Your tentacle-slap misses the jackal.
Your squeeze misses the jackal. The jackal bites you.
* * * LOW HITPOINT WARNING * * *
The jackal barely misses you. The jackal bites you.
* * * LOW HITPOINT WARNING * * *
It was a potion of might.
You feel very mighty all of a sudden.
d - 3 potions of might;
l - 2 scrolls of fear The jackal barely misses you.
The jackal bites you.
You die...

####......## ###
###..........## #.##
##.............. #..#
#............... ##.#
#.)............. #.#
#....∩..<....... #.##
#......†h...... ##..##
#.....hh......
##....#######.........
#.....................
##..#..........######..
##...#..######### #
#...#..## #......#
......## ..#.....#


You could see 2 jackals.

Vanquished Creatures
  An ogre (D:4)
  A gnoll bouda (D:3)
  A bombardier beetle (D:3)
  A jelly (D:4)
  3 adders
  3 dart slugs
  A ribbon worm (D:2)
  3 endoplasms
  3 giant cockroaches
  8 goblins
  5 hobgoblins (D:1)
  2 jackals
  2 quokkas
  6 ball pythons
  9 bats
  2 frilled lizards
  4 kobolds
  4 rats
59 creatures vanquished.

Notes
Turn   | Place    | Note
-------+----------+-------------------------------------------
     0 | D:1      | dorian the Octopode Shapeshifter began the quest for the
                  | Orb.
     0 | D:1      | Reached XP level 1. HP: 13/13 MP: 1/1
    84 | D:1      | Reached XP level 2. HP: 8/18 MP: 2/2
   476 | D:1      | Reached XP level 3. HP: 23/23 MP: 3/3
  1266 | D:2      | Reached XP level 4. HP: 28/28 MP: 4/4
  1546 | D:3      | Found a runed translucent door.
  1546 | D:3      | Noticed Farlane's ghost (amateur HOMo)
  2182 | D:3      | Identified the +1 ring mail of the Trilobite {Rampage rElec
                  | Dex+6 Stlth-}
  2338 | D:3      | Found a faded altar of an unknown god.
  2338 | D:3      | Found the Hermit's Pendant {Faith Invo=14 Evo=0 MP+5}
  2346 | D:3      | Reached XP level 5. HP: 13/34 MP: 5/5
  2805 | D:4      | Noticed an ogre
  2813 | D:4      | Killed an ogre
  2814 | D:4      | Reached XP level 6. HP: 24/39 MP: 6/6
  2908 | D:4      | Found Lifil's Armour Boutique.
  2920 | D:4      | HP: 2/40 [jackal (2)]
  2921 | D:4      | Slain by a jackal

Illustrated notes

Levels and vault maps discovered:
D:1:      roderic_chinese_lattice_arrival, layout_loops_cross
D:2:      layout_loops_ring
D:3:      minmay_inner_zag, layout_basic, gammafunk_ghost_grave,
          hellmonk_guarded_unrand_hermit
D:4:      kennysheep_kobold_camp, layout_cave_pods, serial_shops, shop

Skill      XL: |  1  2  3  4  5  6 |
---------------+-------------------+-----
Unarmed Combat | 4 |  4.6
Shapeshifting  | 4 |  4.4
Fighting       | 2 |  2.3
Dodging        | 3 |  3.0

Action                     |  1- 3 |  4- 6 || total
---------------------------+-------+-------++-------
  Melee: Unarmed           |    79 |    49 ||   128
         Tentacles         |    13 |     7 ||    20
         Constrict         |    20 |     7 ||    27
         Punch             |       |     2 ||     2
  Evoke: Wand              |       |     2 ||     2
    Use: Scroll            |       |     5 ||     5
         Potion            |       |     1 ||     1
   Stab: Sleeping          |     5 |     8 ||    13
         Distracted        |       |     1 ||     1
 Armour: Skin              |    40 |    19 ||    59
  Dodge: Dodged            |    46 |    32 ||    78
